Map: Ever Dream LE

Players

Fede - Winner!

  • Race: Terran Terran
  • League: Gold
  • Spawn Location: 1:00

frayas

  • Race: Protoss Protoss
  • League: Platinum
  • Spawn Location: 7:00

VOD

Have the link to the VOD?

Description

Time

  • Played on: May 10, 2020, 2:06 p.m.
  • Length: 13:04
Show
View Real Time Build Order
Export as new Build Order

Fede Terran - Winner!

Build Orders:  

Get SALT Encoding   

  12  0:01  SCV  
  13  0:14  SCV  
  14  0:17  Supply Depot  
  14  0:26  SCV  
  15  0:39  SCV  
  15  0:42  Barracks  
  16  0:47  Refinery  
  16  0:51  SCV  
  17  1:03  SCV  
  18  1:15  SCV  
  19  1:28  SCV  
  20  1:36  Command Center  
  20  1:42  Orbital Command  
  20  1:44  Marine  
  21  1:53  Supply Depot  
  21  2:02  Marine  
  22  2:09  SCV  
  23  2:20  Bunker  
  23  2:21  SCV  
  24  2:25  Marine  
  25  2:33  Barracks  
  25  2:34  SCV  
  25  2:36  Barracks  
  26  2:43  Marine  
  27  2:46  SCV  
  27  2:50  Engineering Bay  
  28  2:54  Orbital Command  
  28  2:58  SCV  
  29  3:01  Marine  
  30  3:10  SCV  
  31  3:16  Supply Depot  
  31  3:19  Marine  
  32  3:22  SCV x2  
  32  3:25  Terran Infantry Weapons Level 1  
  32  3:26  Barracks Tech Lab  
  34  3:27  Barracks Reactor  
  34  3:34  SCV x2  
  34  3:36  Marine  
  37  3:41  Missile Turret  
  37  3:45  Missile Turret  
  37  3:46  SCV x2  
  39  3:49  Marauder  
  39  3:54  Marine  
  42  3:58  SCV x2  
  44  4:04  Supply Depot  
  44  4:09  Marine x3  
  45  4:10  SCV x2  
  45  4:12  Combat Shield, Supply Depot, Marine  
  50  4:22  SCV x2  
  52  4:27  Marine x2  
  52  4:31  Marine x2  
  55  4:34  SCV  
  55  4:35  SCV  
  55  4:37  Supply Depot  
  58  4:39  Supply Depot  
  58  4:45  Marine  
  61  4:46  Marauder  
  61  4:47  SCV x2  
  61  4:52  Command Center  
  63  4:56  Marine  
  63  4:57  Marine  
  63  4:59  SCV x2  
  67  5:03  Marine  
  70  5:07  Marauder  
  70  5:11  SCV x2  
  72  5:14  Marine  
  72  5:15  Marine  
  74  5:24  Barracks x2  
  74  5:27  Barracks  
  76  5:28  Marauder  
  76  5:30  Marine  
  76  5:31  SCV  
  76  5:32  SCV, Marine  
  80  5:43  SCV  
  80  5:44  SCV  
  80  5:45  Marine  
  80  5:48  Terran Infantry Armor Level 1, Marine  
  86  5:50  Marauder  
  86  5:56  Stimpack  
  86  6:03  SCV x2, Marine x2  
  90  6:06  Supply Depot  
  92  6:11  Marauder  
  92  6:15  Marine  
  92  6:16  SCV x2  
  92  6:17  Barracks Reactor x2, Barracks Tech Lab  
  95  6:21  Supply Depot x2  
  95  6:23  Orbital Command  
  95  6:24  Missile Turret  
  95  6:29  Supply Depot  
  95  6:33  Marine  
  95  6:34  Marauder, Supply Depot, Marine x2  
  95  6:37  Refinery  
  100  6:40  SCV x2, Refinery  
  100  6:43  Supply Depot, Marine  
  103  6:50  SCV  
  103  6:51  Marine x2  
  103  6:52  SCV x2, Marine  
  109  6:55  Marauder  
  110  7:03  Marine  
  110  7:04  Marine x4  
  110  7:06  SCV x2  
  117  7:09  Marine  
  118  7:16  Marauder  
  118  7:20  Barracks  
  118  7:21  Barracks  
  122  7:23  Marauder, Barracks  
  122  7:24  Marine  
  122  7:25  Marine x5  
  128  7:30  Marine  
  128  7:35  Command Center  
  129  7:38  Marauder  
  129  7:42  Marine x2  
  129  7:43  Marine x4  
  139  7:44  Marauder  
  139  7:47  SCV, Marine  
  139  7:50  Supply Depot  
  141  7:52  Supply Depot  
  141  7:53  Supply Depot  
  141  7:59  SCV, Marauder, Factory  
  141  8:00  Marine x3  
  141  8:01  Marine x2  
  149  8:12  Marauder  
  141  8:21  Marauder  
  130  8:27  Marine x3  
  130  8:28  Barracks Tech Lab, Marine  
  130  8:29  Barracks Reactor, Barracks Tech Lab  
  130  8:30  Marine  
  130  8:31  Marine x2  
  130  8:34  Marauder  
  128  8:41  Marine  
  128  8:45  Marine x4  
  119  8:48  Marine x2  
  119  8:49  Marine  
  119  8:52  Marine x2  
  119  8:55  Marauder  
  121  9:00  Marauder  
  121  9:01  Missile Turret  
  121  9:02  Planetary Fortress  
  120  9:03  Marine x4  
  120  9:06  Marine x3  
  127  9:11  Marauder x2  
  127  9:13  Armory  
  127  9:15  Engineering Bay  
  127  9:16  Marauder  
  133  9:17  Supply Depot  
  133  9:18  Marine x2, Supply Depot  
  133  9:21  Marauder, Marine  
  138  9:27  Marine  
  138  9:28  Marine x4  
  143  9:32  Marauder x2  
  143  9:38  Marauder  
  144  9:42  Marauder  
  144  9:43  Marine x4  
  144  9:45  Marine x2  
  149  9:46  Marine  
  149  9:50  Marine x2  
  153  9:53  Marauder  
  153  9:54  Marauder  
  153  9:59  Marauder  
  159  10:00  Terran Infantry Weapons Level 2  
  159  10:01  Marine x4  
  159  10:04  Marauder  
  165  10:11  SCV x3  
  168  10:15  Marauder x2  
  172  10:22  Marine x2  
  172  10:23  SCV x2, Marine x8  
  172  10:24  SCV  
  172  10:25  Marine  
  186  10:32  Terran Infantry Armor Level 2  
  186  10:35  SCV  
  186  10:36  SCV x2, Marine x2  
  186  10:40  Marine x2  
  186  10:41  Marauder, Marine  
  196  10:49  Missile Turret  
  196  10:52  Sensor Tower  
  196  10:55  Marine x3  
  196  10:56  Marine  
  200  10:58  Sensor Tower  
  200  11:23  Command Center  
  200  11:30  Barracks x3  
  200  11:32  Barracks  
  200  11:36  Barracks  
  200  11:39  Barracks  
  200  11:41  Barracks  
  200  11:47  Command Center  
  200  12:28  Command Center  
  181  12:31  Command Center, Marine x4  
  181  12:32  Marauder, Marine x6  
  181  12:33  Marine x7  
  181  12:34  Marine  
  181  12:36  Command Center  
Show
View Real Time Build Order
Export as new Build Order

frayas Protoss 

Build Orders: Double Forge 

Get SALT Encoding   

  12  0:05  Probe  
  13  0:17  Probe  
  14  0:22  Pylon  
  14  0:29  Probe  
  15  0:41  Gateway  
  15  0:42  Probe  
  16  0:46  Assimilator  
  16  0:54  Probe  
  17  1:04  Gateway  
  17  1:06  Probe (Chrono Boost)  
  18  1:17  Probe (Chrono Boost)  
  19  1:22  Probe (Chrono Boost)  
  20  1:27  Pylon  
  20  1:32  Cybernetics Core  
  20  1:35  Probe  
  20  1:39  Assimilator  
  21  1:54  Probe  
  22  2:07  Probe  
  22  2:08  Stalker x2 (Chrono Boost)  
  23  2:13  Warp Gate  
  26  2:19  Probe  
  27  2:30  Stalker  
  29  2:42  Gateway  
  29  2:44  Forge  
  29  2:49  Stalker  
  31  3:02  Pylon  
  31  3:16  Pylon  
  31  3:20  Probe  
  31  3:26  Protoss Ground Weapons Level 1 (Chrono Boost), Nexus  
  32  3:46  Robotics Facility  
  32  3:52  Probe  
  33  4:09  Zealot x2  
  37  4:11  Sentry  
  37  4:14  Probe  
  40  4:31  Forge  
  40  4:37  Pylon  
  40  4:44  Robotics Bay  
  40  4:50  Probe x2  
  42  5:02  Observer, Probe x2  
  45  5:13  Twilight Council  
  45  5:16  Probe x2  
  45  5:20  Protoss Ground Armor Level 1  
  47  5:25  Assimilator  
  47  5:28  Probe x2, Assimilator  
  49  5:32  Zealot x3  
  55  5:38  Extended Thermal Lance  
  55  5:40  Probe x2  
  57  5:52  Probe x2 (Chrono Boost)  
  59  6:04  Charge (Chrono Boost), Probe (Chrono Boost)  
  59  6:05  Probe (Chrono Boost)  
  61  6:11  Colossus  
  61  6:13  Probe x2 (Chrono Boost)  
  69  6:19  Protoss Shields Level 1, Probe  
  70  6:31  Pylon  
  70  6:34  Pylon  
  70  6:37  Pylon  
  70  6:49  Probe  
  70  6:52  Pylon  
  70  7:03  Colossus  
  70  7:04  Zealot x3  
  82  7:37  Nexus  
  82  7:41  Pylon  
  82  7:44  Pylon  
  82  7:50  Gateway  
  82  7:51  Gateway  
  82  7:52  Gateway  
  82  7:57  Gateway  
  82  8:02  Colossus  
  88  8:06  Gravitic Boosters, Protoss Ground Weapons Level 2 (Chrono Boost)  
  74  8:35  Zealot x2  
  74  8:36  Zealot  
  60  8:50  Zealot x3  
  62  8:59  Nexus  
  62  9:09  Stalker  
  64  9:10  Stalker x2  
  64  9:11  Nexus  
  64  9:12  Zealot  
  70  9:28  Protoss Ground Armor Level 2 (Chrono Boost)  
  55  10:03  Colossus  
  61  10:23  Templar Archives  
  61  10:30  Probe x2 (Chrono Boost)  
  63  10:40  Probe x2 (Chrono Boost)  
  65  10:45  Probe x2 (Chrono Boost)  
  67  10:57  Zealot  
  69  11:15  Probe x3  
  72  11:19  Zealot  
  72  11:23  High Templar  
  72  11:24  High Templar  
  78  11:26  High Templar  
  78  11:27  Probe x3  
  78  11:29  High Templar  
  85  11:39  Probe x2  
  88  11:40  Probe  
  88  12:10  High Templar x4  
  96  12:22  Archon x2  
  92  12:34  Zealot x2  
  92  12:35  Zealot  
  92  12:49  Zealot  
  92  12:50  Zealot x3  
Tags
 
Add a new tag
Caveats
  • Supply blocks, unpowered buildings, or Contaminate may cause inaccurate times.
  • Supply counts are checked every 10 seconds.